 Dungeon Crawl Stone Soup version 0.26-a0-1164-g1a551d6a14 (webtiles) character file.

Game seed: 7851207901387897644

3434 Dracia the Spear-Bearer (level 9, -7/66 HPs)
             Began as a Demonspawn Gladiator on Dec 23, 2020.
             Was a Follower of Qazlal.
             Killed from afar by Psyche (9 damage)
             ... with a puff of flame
             ... on level 8 of the Dungeon.
             The game lasted 00:21:08 (10885 turns).

Dracia the Spear-Bearer (Demonspawn Gladiator)     Turns: 10885, Time: 00:21:09

Health: -7/66      AC: 14    Str: 16 (17) XL:     9   Next: 77%
Magic:  0/12       EV: 10    Int:  9      God:    Qazlal [*.....]
Gold:   506        SH:  2    Dex: 16      Spells: 6/8 levels left

rFire    . . .     SeeInvis .   u - +2 trident (vorpal)
rCold    . . .     Faith    .   (no shield)
rNeg     . . .     Spirit   +   h - +0 chain mail (curse)
rPois    .         Reflect  .   c - +1 helmet
rElec    .         Harm     .   (no cloak)
rCorr    .         Rampage  .   (no gloves)
Will     .....                  (no boots)
Stlth    ..........             (no amulet)
HPRegen  0.21/turn              (no ring)
MPRegen  0.13/turn              (no ring)

@: lethally poisoned (-7 -> -7), slowed, very slow
A: hooves 2, slimy green scales 1, demonic guardian 1, deterioration 1, magic
shield, MP-powered wands
a: Renounce Religion


You were on level 8 of the Dungeon.
You worshipped Qazlal.
Qazlal was aware of your devotion.
You visited 2 branches of the dungeon, and saw 9 of its levels.

You collected 539 gold pieces.
You spent 33 gold pieces at shops.


Innate Abilities, Weirdness & Mutations

You have hoof-like feet.
You are partially covered in slimy green scales. (AC +2)
A weak demonic guardian rushes to your aid.
When hurt, damage is shared between your health and your magic reserves.
Your body sometimes deteriorates upon taking damage.
You expend magic power (3 MP) to strengthen your wands.


   Skills:
 + Level 4.7 Fighting
 * Level 8.0(8.3) Polearms
 - Level 2.6(5.7) Staves
 - Level 1.7 Throwing
 - Level 5.5 Armour
 - Level 6.3 Dodging
 + Level 4.5 Invocations
 - Level 2.0 Evocations


You had 6 spell levels left.
You knew the following spells:

 Your Spells              Type           Power        Failure   Level
I - Blink                 Tloc           N/A          100%        2

Your spell library contained the following spells:

 Spells                   Type           Power        Failure   Level
 Animate Skeleton         Necr           0%           99%         1
 Apportation              Tloc           0%           99%         1
 Beastly Appendage        Tmut           0%           99%         1
 Corona                   Hex            0%           99%         1
 Magic Dart               Conj           0%           99%         1
 Summon Small Mammal      Summ           0%           99%         1
 Call Imp                 Summ           0%           100%        2
 Slow                     Hex            0%           100%        2
 Wereblood                Tmut           0%           100%        2
 Conjure Flame            Conj/Fire      0%           100%        3
 Mephitic Cloud           Conj/Pois/Air  0%           100%        3
 Spider Form              Tmut/Pois      0%           100%        3
 Ice Form                 Ice/Tmut       0%           100%        4
 Blade Hands              Tmut           0%           100%        5

Inventory:

Hand Weapons
 a - a +0 quarterstaff
 d - a +2 trident
 i - a -1 whip
 m - a +1 spear
 u - a +2 vorpal trident (weapon)
Missiles
 k - 13 poisoned darts (quivered)
Armour
 b - a +0 leather armour
 c - a +1 helmet (worn)
 e - a +0 pair of gloves
 h - a cursed +0 chain mail (worn)
 t - a scarf of harm
Jewellery
 g - an uncursed ring of see invisible {unknown}
 l - an uncursed ring of attention
 W - an uncursed ring of magical power
Wands
 v - a wand of disintegration (18)
Scrolls
 o - 9 scrolls of identify {@r1@r1}
 p - 5 scrolls of remove curse {@r2@r2}
 w - a scroll of teleportation {@r4@r4}
 x - a scroll of amnesia
 y - 2 scrolls of enchant weapon
Potions
 f - 2 potions of haste {@q3@q3}
 j - 2 potions of degeneration
 n - 2 potions of mutation
 r - 3 potions of flight
 s - a potion of heal wounds {@q2@q2}

Dungeon Overview and Level Annotations

Branches:
Dungeon (8/15)             Temple (1/1) D:6
   Lair: D:8-11

Altars:
Ashenzari
Cheibriados
Fedhas
Gozag
Hepliaklqana
Makhleb
Nemelex Xobeh
Okawaru
Qazlal
Ru
Trog
Uskayaw
Vehumet
Wu Jian
Xom
Zin

Shops:
D:6 ?=   D:8 *

Annotations:
D:3 3 runed translucent doors, RexLacerta's ghost, amateur GrMo
D:8 3 runed translucent doors, MoonlitKnight's ghost, novice MfGl; Psyche

#)#.## #.#.#
#.#.#
##########.#.#
#########
#..........#.#
.S@ยง..@.#
#.###........#
#######.# #.#
#.####.###
#.#######.###.#
#.#
#.S.@.@5......#
#.#
#########.#####
#.# #.# #.#
.######## #.#
#.#
........####.#
#.#
..>....))....#
#.#
..#####.######
#.# #.# #.# #.#
#.#


You could see Psyche (fast), an adder and a friendly white imp (summoned).


Message History

Psyche the Insane Magess comes into view.
She is wielding a +3 dagger of chaos and wearing a +0 robe of the Archmagi.
Psyche is nearby!
Unknown command.
Your quasit disappears in a puff of smoke!
An adder comes into view.
You feel sick.
Unknown command.
You start resting.
You feel sick.
Psyche hits your iron imp with a +3 dagger of chaos.
Your iron imp misses Psyche.
Psyche is nearby!
Psyche mumbles some strange words.
Psyche seems to speed up.
Your iron imp closely misses Psyche.
Psyche casts a spell at you. The magic dart hits your iron imp!
Unknown command.
Psyche hits your iron imp with a +3 dagger of chaos. x2
Your iron imp convulses.
Your iron imp barely misses Psyche.
Psyche barely misses your iron imp.
Your iron imp hits Psyche.
You feel sick.
Psyche laughs secretively.
You feel sick. Psyche gestures at you while chanting.
The puff of frost hits you!
* * * LOW HITPOINT WARNING * * *
Psyche hits you but does no damage. Psyche gestures at you while chanting.
The puff of flame hits you!
You die...

Skill      XL: |  1  2  3  4  5  6  7  8  9 |
---------------+----------------------------+-----
Armour         | 1 2 3 4 5 |  5.5
Dodging        | 3 4 5 6 |  6.3
Polearms       | 2 4 6 8 |  8.0
Evocations     | 1 2 |  2.0
Fighting       | 4 |  4.7
Invocations    | 4 |  4.5
Staves         | |  2.6
Throwing       | |  1.7

Action                   |  1- 3 |  4- 6 |  7- 9 || total
-------------------------+-------+-------+-------++-------
Melee: Quarterstaff      |    84 |       |       ||    84
       Kick              |    15 |    55 |   134 ||   204
       Spear             |    12 |   229 |   278 ||   519
       Trident           |       |       |   278 ||   278
Throw: Throwing net      |       |     2 |     3 ||     5
       Dart              |       |       |     2 ||     2
  Use: Scroll            |     1 |     7 |     8 ||    16
       Potion            |       |       |     9 ||     9
 Stab: Sleeping          |     1 |     1 |       ||     2
       Held in net/web   |       |     1 |     1 ||     2
       Distracted        |       |     1 |       ||     1
Armor: Leather armour    |    39 |    31 |       ||    70
       Chain mail        |       |    24 |   229 ||   253
Dodge: Dodged            |    84 |   122 |   232 ||   438
Block: Other             |       |       |     3 ||     3

Levels and vault maps discovered:
D:1:      giann_horns, layout_rooms, minmay_heptomino_d4
D:2:      layout_loops_ring
D:3:      layout_basic, marbit_many_paths, chequers_ecumenical_altar_simple,
          gammafunk_ghost_split, hex_medium
D:4:      layout_gridville, kennysheep_generic_room_8
D:5:      layout_loops_cross, lightli_minifort
D:6:      layout_cave_pods, lemuel_temple_firewalk_a, serial_gnoll_camp,
          gnoll_camp_mini_shop, gnoll_camp_mini_hut, gnoll_camp_mini_shop,
          gnoll_camp_mini_hut, gnoll_camp_medium_01, grunt_decor_mini_mirrors,
          nemelex_diamond_rough_becter
D:7:      layout_loops_ring, kennysheep_generic_room_7
D:8:      layout_loops_ring, gammafunk_ghost_spectres, nicolae_elemental_shop,
          uniq_psyche
Temple:   kilobyte_greek_temple

Notes
Turn   | Place    | Note
-------+----------+-------------------------------------------
     0 | D:1      | Dracia the Demonspawn Gladiator began the quest for the
                  | Orb.
     0 | D:1      | Reached XP level 1. HP: 16/16 MP: 1/1
   325 | D:1      | Reached skill level 1 in Armour
   325 | D:1      | Reached skill level 3 in Dodging
   325 | D:1      | Gained mutation: You have large cloven feet. [demonic
                  | ancestry]
   325 | D:1      | Reached XP level 2. HP: 18/22 MP: 2/2
   605 | D:1      | Gained mutation: A weak demonic guardian rushes to your
                  | aid. [demonic ancestry]
   605 | D:1      | Reached XP level 3. HP: 15/27 MP: 3/3
  1641 | D:3      | Reached skill level 2 in Armour
  1641 | D:3      | Reached XP level 4. HP: 17/33 MP: 4/4
  1874 | D:3      | Noticed RexLacerta's ghost (amateur GrMo)
  1874 | D:3      | Noticed a bullfrog
  1951 | D:3      | Found an opulent altar of Gozag.
  2012 | D:3      | Found a runed translucent gate.
  2012 | D:3      | Found a runed translucent gate.
  2014 | D:3      | Found a runed translucent gate.
  2349 | D:3      | Found a faded altar of an unknown god.
  2595 | D:3      | Reached skill level 4 in Dodging
  2806 | D:3      | Learned a level 2 spell: Blink
  3049 | D:4      | Noticed an ogre
  3071 | D:4      | Killed an ogre
  3072 | D:4      | Reached skill level 3 in Armour
  3072 | D:4      | Gained mutation: When hurt, damage is shared between your
                  | health and your magic reserves. [demonic ancestry]
  3072 | D:4      | Reached XP level 5. HP: 7/38 MP: 5/5
  3718 | D:4      | Reached XP level 6. HP: 44/44 MP: 6/6
  4226 | D:5      | Entered Level 5 of the Dungeon
  4242 | D:5      | Reached skill level 1 in Polearms
  4242 | D:5      | Reached skill level 5 in Dodging
  4304 | D:5      | Reached skill level 4 in Armour
  4354 | D:5      | Reached skill level 2 in Polearms
  4370 | D:5      | Reached XP level 7. HP: 46/50 MP: 4/7
  5202 | D:5      | Reached skill level 3 in Polearms
  6274 | D:6      | Found Adgheo's Jewellery Emporium.
  6396 | D:6      | HP: 3/50 [gnoll shaman/+2 whip of electrocution (13)]
  6781 | D:6      | Noticed a troll
  6794 | D:6      | Killed a troll
  6795 | D:6      | Reached skill level 4 in Polearms
  6795 | D:6      | Reached skill level 5 in Armour
  6795 | D:6      | Gained mutation: You are partially covered in slimy green
                  | scales. (AC +2) [demonic ancestry]
  6795 | D:6      | Reached XP level 8. HP: 53/56 MP: 8/8
  7035 | D:6      | Reached skill level 6 in Dodging
  7416 | D:6      | Found a staircase to the Ecumenical Temple.
  7574 | Temple   | Entered the Ecumenical Temple
  7666 | Temple   | Became a worshipper of Qazlal Stormbringer
  7777 | D:6      | Reached skill level 5 in Polearms
  8134 | D:6      | Found Oleryl's Magic Scroll Shop.
  8141 | D:6      | Bought a scroll of teleportation for 33 gold pieces
  8313 | D:6      | Found a sparkling altar of Nemelex Xobeh.
  8640 | D:6      | Gained mutation: Your body sometimes deteriorates upon
                  | taking damage. [potion of mutation]
  8640 | D:6      | Gained mutation: You expend magic power (3 MP) to
                  | strengthen your wands. [potion of mutation]
  8752 | D:7      | Reached skill level 6 in Polearms
  8752 | D:7      | Reached skill level 1 in Evocations
  8976 | D:7      | Gained mutation: You have hoof-like feet. [demonic
                  | ancestry]
  8976 | D:7      | Reached XP level 9. HP: 62/62 MP: 9/9
  8978 | D:7      | Reached skill level 3 in Fighting
  8978 | D:7      | Reached skill level 2 in Evocations
  9030 | D:7      | Reached skill level 1 in Invocations
  9453 | D:7      | Reached * piety under Qazlal
  9454 | D:7      | Reached skill level 2 in Invocations
  9685 | D:7      | Reached skill level 7 in Polearms
 10286 | D:8      | Reached skill level 3 in Invocations
 10298 | D:8      | Reached skill level 4 in Fighting
 10630 | D:8      | Reached skill level 4 in Invocations
 10813 | D:8      | Found a runed translucent gate.
 10813 | D:8      | Found a runed translucent gate.
 10813 | D:8      | Found a runed translucent gate.
 10815 | D:8      | Noticed MoonlitKnight's ghost (novice MfGl)
 10816 | D:8      | Found Huhusaz's Elemental Accessories.
 10845 | D:8      | Reached skill level 8 in Polearms
 10875 | D:8      | Identified a +0 robe of the Archmagi
 10875 | D:8      | Noticed Psyche
 10884 | D:8      | HP: 2/66 [Psyche/puff of frost (7)]
 10885 | D:8      | Killed from afar by Psyche

Vanquished Creatures
  A troll (D:6)
  A black bear (D:7)
  An eye of draining (D:8)
  An orc warrior (D:7)
  A sky beast (D:7)
  3 ogres
  2 phantoms
  2 centaurs
  2 bullfrogs (D:7)
  A wyvern zombie (D:8)
  3 gnoll sergeants
  3 killer bees (D:7)
  8 wights (D:8)
  2 howler monkeys
  A centaur zombie (D:5)
  An orc priest (D:3)
  2 jellies
  3 hounds
  2 centaur skeletons
  A gnoll shaman (D:6)
  2 bullfrog skeletons (D:5)
  3 iguanas (D:7)
  4 orc wizards
  3 worker ants
  A hound zombie (D:8)
  A hound skeleton (D:7)
  5 adders
  16 gnolls
  3 shadow imps
  4 white imps
  2 ufetubi
  An ooze (D:7)
  An adder skeleton (D:6)
  2 worms
  2 dart slugs (D:1)
  4 leopard geckos
  22 orcs
  A ball python (D:4)
  8 bats
  14 giant cockroaches
  6 goblins
  7 hobgoblins
  8 jackals
  3 quokkas
  8 frilled lizards
  A giant cockroach zombie (D:6)
  A jackal skeleton (D:4)
  A jackal zombie (D:6)
  2 kobolds
  A leopard gecko skeleton (D:4)
  8 rats
186 creatures vanquished.

Vanquished Creatures (collateral kills)
  A sky beast (D:6)
  2 ogres
  2 scorpions
  A killer bee (D:7)
  A wight (D:8)
  A howler monkey (D:7)
  An orc priest (D:4)
  A hound (D:7)
  A worker ant (D:4)
  An adder (D:6)
  A white imp (D:5)
  4 orcs
17 creatures vanquished.

Vanquished Creatures (others)
  An orc warrior (D:6)
1 creature vanquished.

Grand Total: 204 creatures vanquished

Table legend: (Time is in decaauts)
 A = Elapsed time spent in this place.
 B = Non-inter-level travel time spent in this place.
 C = Inter-level travel time spent in this place.
 D = Time resting spent in this place.
 E = Time spent auto-exploring this place.
 F = Levels seen in this place.
 G = Mean time per level.
                   A        B        C        D        E       F      G
               +--------+--------+--------+--------+--------+-----+--------+
         Total |  10876 |  10316 |    560 |   2301 |   6266 |   9 | 1208.4 |
       Dungeon |  10751 |  10223 |    528 |   2301 |   6176 |   8 | 1343.9 |
        Temple |    124 |     92 |     32 |      0 |     90 |   1 |  124.0 |
               +--------+--------+--------+--------+--------+-----+--------+

Top non-repeatable levels by time:
     D:6: 2837 daAuts
     D:5: 1613 daAuts
     D:4: 1443 daAuts
     D:3: 1275 daAuts
     D:1: 1236 daAuts
     D:7: 1219 daAuts
     D:8: 619 daAuts
     D:2: 506 daAuts
  Temple: 124 daAuts

Table legend:
 A = Non-vault XP
 B = Vault XP
 C = Vault XP percentage of total XP
 D = Non-vault monster count
 E = Vault monster count
 F = Vault count percentage of total count
                 A         B        C        D         E       F
            +---------+---------+-------+---------+---------+-------
      Total |    4286 |     621 |  12.7 |     175 |      29 |  14.2
            +---------+---------+-------+---------+---------+-------
        D:1 |      52 |       7 |  11.9 |      29 |       3 |   9.4
        D:2 |       5 |       0 |   0.0 |       3 |       0 |   0.0
        D:3 |      94 |       1 |   1.1 |      30 |       1 |   3.2
        D:4 |     274 |      60 |  18.0 |      17 |       1 |   5.6
        D:5 |     481 |     105 |  17.9 |      19 |       5 |  20.8
        D:6 |     828 |     409 |  33.1 |      23 |      17 |  42.5
        D:7 |    1422 |      39 |   2.7 |      30 |       2 |   6.2
        D:8 |    1130 |       0 |   0.0 |      24 |       0 |   0.0
            +---------+---------+-------+---------+---------+-------
